 Dungeon Crawl Stone Soup version 0.24-a0-368-g0e0cebd (webtiles) character file.

Game seed: 8115948636597634480

264 MatthieuS the Poker (level 6, -5/73 HPs)
             Began as a Merfolk Berserker on May 28, 2019.
             Was a Believer of Trog.
             Slain by a big kobold
             ... wielding a +0 short sword
              (6 damage)
             ... on level 3 of the Dungeon.
             The game lasted 00:04:58 (2800 turns).

MatthieuS the Poker (Merfolk Berserker)             Turns: 2800, Time: 00:04:59

Health: -5/73      AC:  4    Str: 23 (24) XL:     6   Next: 19%
Magic:  6/6        EV: 14    Int:  7      God:    Trog [**....]
Gold:   77         SH:  0    Dex: 12 (13) Spells: 5/5 levels left

rFire    . . .     SeeInvis .   a - +0 spear
rCold    . . .     Gourm    .   (no shield)
rNeg     . . .     Faith    .   b - +0 animal skin
rPois    .         Spirit   .   (no helmet)
rElec    .         Reflect  .   j - +0 cloak
rCorr    .         Harm     .   q - +0 pair of gloves
MR       ++...                  (no boots)
Stlth    ..........             (no amulet)
HPRegen  1.22/turn              (no ring)
MPRegen  0.10/turn              (no ring)

@: berserking, regenerating, very quick
A: change form in water, swift swim, stealthy swim
a: Berserk, Trog's Hand, Renounce Religion


You were on level 3 of the Dungeon.
You worshipped Trog.
Trog was pleased with you.
You were very hungry.

You visited 1 branch of the dungeon, and saw 3 of its levels.

You collected 77 gold pieces.

Inventory:

Hand Weapons
 a - a +0 spear (weapon)
Armour
 b - a +0 animal skin (worn)
 j - a +0 cloak (worn)
   (You found it on level 2 of the Dungeon)
 q - a +0 pair of gloves (worn)
   (You found it on level 3 of the Dungeon)
Jewellery
 p - an uncursed ring of positive energy {unknown}
   (You found it on level 3 of the Dungeon)
Scrolls
 g - 3 scrolls of identify {@r1}
 o - a scroll of remove curse {@r2}
Potions
 d - a potion of flight
 i - a potion of heal wounds {@q2}
 m - a potion of magic
Comestibles
 e - 5 rations
 l - 5 chunks of flesh


   Skills:
 + Level 4.4 Fighting
 * Level 7.0 Polearms
 + Level 2.4 Armour
 + Level 4.4 Dodging


You had 5 spell levels left.
You didn't know any spells.
Your spell library was empty.

Dungeon Overview and Level Annotations

Branches:
Dungeon (3/15)

Altars:
Makhleb
Vehumet
Wu Jian
Xom


Message History

The big kobold hits you but does no damage.
The gnoll misses you.
You are too injured to fight recklessly!
Unknown command.
You are too injured to fight recklessly!
Unknown command.
You are too injured to fight recklessly!
Unknown command.
You are too injured to fight recklessly!
Unknown command.
You closely miss the big kobold. The gnoll closely misses you.
Unknown command.
You impale the big kobold!!
You kill the big kobold!
Trog accepts your kill.
You feel your intelligence returning.
Your Polearms skill increases to level 7!
You have reached level 6!
Your experience leads to an increase in your attributes!
Your base attributes are Str 18, Int 7, Dex 13.
Increase (S)trength, (I)ntelligence, or (D)exterity?
You feel stronger. The big kobold closely misses you.
You miss the big kobold.
The gnoll hits you from afar with a +0 halberd.
* * * LOW HITPOINT WARNING * * *
The gnoll misses you.
You miss the big kobold.
The big kobold hits you with a +0 short sword.
* * * LOW HITPOINT WARNING * * *
You hit the big kobold. The gnoll misses you.
The gnoll hits you from afar with a +0 spear.
* * * LOW HITPOINT WARNING * * *
You barely miss the big kobold. The big kobold closely misses you.
Unknown command.
You completely miss the big kobold.
The gnoll hits you from afar with a +0 spear.
* * * LOW HITPOINT WARNING * * *
The gnoll hits you from afar with a +0 halberd!
* * * LOW HITPOINT WARNING * * *
You puncture the big kobold! The big kobold closely misses you.
You miss the big kobold. The gnoll barely misses you.
You closely miss the big kobold. The big kobold closely misses you.
The gnoll closely misses you.
You hit the big kobold.
The gnoll hits you from afar with a +0 spear!
* * * LOW HITPOINT WARNING * * *
You puncture the big kobold!
The big kobold hits you with a +0 short sword.
You die...

############')###################
,,*,,,,,,,#..))#......)#.........
,,+,,,,,,,#....#.......'...(.....
,,*******##....#########.........
,,,,,,,,,#......#..........######
,,,,,,,,,+......'..........#
,,,,,,,,,#......#..........######
,,*******##....#########.........
,,+,,,,,,,#....#@)g...))........(
,,*,,,,,,,#....#.Kg....#.....((..
**********#######################
≈≈≈≈≈≈≈≈≈≈≈≈≈≈≈≈≈≈≈≈≈≈≈≈≈≈≈≈≈≈≈≈≈
≈≈≈≈≈≈≈≈≈≈≈≈≈≈≈≈≈≈≈≈≈≈≈≈≈≈≈≈≈≈≈≈≈
≈≈≈≈≈≈≈≈≈≈≈≈≈≈≈≈≈≈≈≈≈≈≈≈≈≈≈≈≈≈≈≈≈
*********************************


You could see a big kobold and 2 gnolls.

Vanquished Creatures
  2 big kobolds (D:3)
  3 gnolls
  2 adders (D:2)
  An ooze (D:1)
  2 worms (D:3)
  2 dart slugs
  A leopard gecko (D:2)
  4 giant cockroaches
  23 goblins
  12 hobgoblins
  A quokka (D:2)
  A ball python (D:2)
  4 bats
  3 frilled lizards
  2 kobolds
  2 rats (D:2)
65 creatures vanquished.

Notes
Turn   | Place    | Note
-------+----------+-------------------------------------------
     0 | D:1      | MatthieuS the Merfolk Berserker began the quest for the
                  | Orb.
     0 | D:1      | Reached XP level 1. HP: 18/18 MP: 1/1
   146 | D:1      | Reached XP level 2. HP: 20/24 MP: 2/2
   505 | D:1      | Reached skill level 5 in Polearms
   737 | D:2      | Reached XP level 3. HP: 26/29 MP: 3/3
   836 | D:2      | Found a radiant altar of Vehumet.
  1473 | D:2      | Found a shimmering altar of Xom.
  1579 | D:2      | Reached XP level 4. HP: 37/37 MP: 4/4
  1613 | D:2      | Found a burning altar of Makhleb.
  1802 | D:3      | Reached ** piety under Trog
  1830 | D:3      | Found an ornate altar of the Wu Jian Council.
  2486 | D:3      | Reached skill level 6 in Polearms
  2707 | D:3      | Reached XP level 5. HP: 39/42 MP: 5/5
  2720 | D:3      | Noticed a big kobold
  2720 | D:3      | Noticed a big kobold
  2720 | D:3      | Noticed a big kobold
  2720 | D:3      | Noticed a big kobold
  2731 | D:3      | Killed a big kobold
  2790 | D:3      | Killed a big kobold
  2790 | D:3      | Reached skill level 7 in Polearms
  2790 | D:3      | Reached XP level 6. HP: 29/49 MP: 6/6
  2799 | D:3      | HP: 1/73 [gnoll/+0 spear (8)]
  2800 | D:3      | Slain by a big kobold

Levels and vault maps discovered:
D:1:      scummos_arrival_simple_crosswalls, layout_loops_cross
D:2:      layout_loops_cross, tgw_xom, vehumet_crystals, lemuel_round_altar
D:3:      minmay_goblin_kobold_castle, layout_basic, general_overflow_altar

Skill      XL: |  1  2  3  4  5 |
---------------+----------------+-----
Dodging        | 3 4 |  4.4
Polearms       | 5 6 7 |  7.0
Armour         | 2 |  2.4
Fighting       | 4 |  4.4

Action                   |  1- 3 |  4- 6 || total
-------------------------+-------+-------++-------
Melee: Spear             |    94 |   142 ||   236
       Tailslap          |     1 |     1 ||     2
Invok: Berserk           |     1 |     6 ||     7
       Trog's Hand       |       |     2 ||     2
  Use: Scroll            |       |     5 ||     5
       Potion            |       |     5 ||     5
 Stab: Sleeping          |     4 |     2 ||     6
  Eat: Chunk             |     3 |     9 ||    12
Armor: Animal skin       |     9 |    17 ||    26
Dodge: Dodged            |    36 |   104 ||   140

Table legend:
 A = Non-vault XP
 B = Vault XP
 C = Vault XP percentage of total XP
 D = Non-vault monster count
 E = Vault monster count
 F = Vault count percentage of total count
                 A         B        C        D         E       F
            +---------+---------+-------+---------+---------+-------
      Total |     103 |     275 |  72.8 |      31 |      34 |  52.3
            +---------+---------+-------+---------+---------+-------
        D:1 |      33 |       0 |   0.0 |       8 |       0 |   0.0
        D:2 |      47 |       8 |  14.5 |      15 |       5 |  25.0
        D:3 |      23 |     267 |  92.1 |       8 |      29 |  78.4
            +---------+---------+-------+---------+---------+-------
